 Dungeon Crawl Stone Soup version 0.28-a0-1182-g381e24db82 (webtiles) character file.

Game seed: 17632349237848928517

5691 flotson the Skirmisher (level 10, 0/85 HPs)
             Began as a Demonspawn Gladiator on Dec 15, 2021.
             Was a Believer of Ashenzari.
             Slain by a four-headed hydra (10 damage)
             ... on level 8 of the Dungeon on Dec 16, 2021.
             The game lasted 00:23:00 (8383 turns).

flotson the Skirmisher (Demonspawn Gladiator)       Turns: 8383, Time: 00:23:02

Health: 0/85       AC:  9    Str: 25    XL:     10   Next: 47%
Magic:  0/10       EV: 15    Int:  9    God:    Ashenzari [**....]
Gold:   479        SH:  4    Dex: 15    Spells: 9/9 levels left

rFire   . . .      SeeInvis +   b - +4 shortbow (flame)
rCold   . . .      Faith    .   (shield currently unavailable)
rNeg    . . .      Spirit   +   h - +0 ring mail
rPois   +          Reflect  .   c - +0 helmet "Sun of the Eternal Sage" {Alch, Range} (curse)
rElec   .          Harm     .   m - +0 cloak
rCorr   .          Rampage  .   (no gloves)
Will    .....                   (no boots)
Stlth   +.........              p - amulet "Pessimism of Ashenzari" {Regen+, Self, Range} (curse)
HPRegen 1.04/turn               u - ring of the All-seeing Burden {rPois, Cun, Range} (curse)
MPRegen 0.24/turn               x - ring of the Sibylline God {Str+6, Self, Evo} (curse)

@: no status effects
A: large bone plates 1, demonic guardian 1, magic shield, magic regeneration,
weakness stinger 1
a: Renounce Religion, Curse Item, Shatter the Chains


You were on level 8 of the Dungeon.
You worshipped Ashenzari.
Ashenzari was pleased with you.
You visited 1 branch of the dungeon, and saw 8 of its levels.

You collected 479 gold pieces.

Inventory:

Hand Weapons
 a - a +4 battleaxe
 b - a +4 shortbow of flaming (weapon)
Missiles
 d - a throwing net
 z - 4 boomerangs
 H - 14 poisoned darts
 M - 94 arrows (quivered ammo)
Armour
 c - the cursed +0 helmet "Sun of the Eternal Sage" (worn) {Alch, Range}

   It has a curse which improves the following skills: Alchemy: Poison Magic and
   Transmutations.
   Ranged Combat: Slings, Bows, Crossbows and Throwing.
 h - a +0 ring mail (worn)
 m - a +0 cloak (worn)
Jewellery
 l - the amulet "Axtofaot" {RegenMP Str+3 Dex+3}
   (You took it off a centaur on level 8 of the Dungeon)

   [amulet of magic regeneration]

   It increases your rate of magic regeneration.
   Str:       It affects your strength (+3).
   Dex:       It affects your dexterity (+3).
 p - the cursed amulet "Pessimism of Ashenzari" (around neck) {Regen+, Self, Range}
   (You took it off a hobgoblin on level 2 of the Dungeon)

   [amulet of regeneration]

   Regen:     It increases your rate of health regeneration.
   It has a curse which improves the following skills: Introspection: Fighting
   and Spellcasting.
   Ranged Combat: Slings, Bows, Crossbows and Throwing.
 u - the cursed ring of the All-seeing Burden (left hand) {rPois, Cun, Range}
   (You found it on level 3 of the Dungeon)

   [ring of poison resistance]

   rPois:     It protects you from poison.
   It has a curse which improves the following skills: Cunning: Dodging and
   Stealth.
   Ranged Combat: Slings, Bows, Crossbows and Throwing.
 x - the cursed ring of the Sibylline God (right hand) {Str+6, Self, Evo}
   (You found it on level 6 of the Dungeon)

   [ring of strength]

   Str:       It affects your strength (+6).
   It has a curse which improves the following skills: Introspection: Fighting
   and Spellcasting.
   Evocations: Evocations.
 C - a ring of wizardry
Wands
 y - a wand of flame (27)
Scrolls
 f - 2 scrolls of teleportation
 n - a scroll of silence
 o - 2 scrolls of fog
 q - a scroll of enchant armour
 v - 2 scrolls of noise
 w - 2 scrolls of magic mapping
 D - 3 scrolls of vulnerability
 E - 2 scrolls of immolation
Potions
 e - 5 potions of might
 g - 2 potions of haste
 j - 6 potions of invisibility
 k - 2 potions of curing
 s - 2 potions of flight
 t - a potion of degeneration
 B - a potion of attraction
 I - 2 potions of ambrosia
 J - a potion of brilliance


   Skills:
 + Level 7.6(10.0) Fighting
 + Level 4.1 Axes
 + Level 2.8(5.3) Bows
 - Level 6.2(9.3) Throwing
 + Level 6.6 Armour
 + Level 7.3(8.8) Dodging
 + Level 4.0(5.4) Evocations


You had 9 spell levels left.
You didn't know any spells.
Your spell library contained the following spells:

 Spells                   Type           Power      Damage    Failure   Level
 Pain                     Necr           0%         1d4       52%         1
 Slow                     Hex            0%         N/A       52%         1
 Ignite Poison            Fire/Tmut/Pois 0%         N/A       86%         3
 Confusing Touch          Hex            0%         N/A       87%         3
 Conjure Flame            Conj/Fire      0%         6-21      87%         3
 Dazzling Flash           Conj/Hex       0%         N/A       87%         3
 Frozen Ramparts          Ice            0%         1d2       87%         3
 Ice Form                 Ice/Tmut       0%         N/A       99%         4
 Iskenderun's Mystic Bla  Conj/Tloc      0%         2d3       99%         4
 Sticky Flame             Conj/Fire      0%         2d3       99%         4
 Summon Ice Beast         Ice/Summ       0%         N/A       99%         4
 Yara's Violent Unravell  Hex/Tmut       0%         3d3       100%        5
 Starburst                Conj/Fire      0%         6d3       100%        6


Dungeon Overview and Level Annotations

Branches:
Dungeon (8/15)             Temple (0/1) D:7            Lair (0/6) D:8

Altars:
Ashenzari
Cheibriados
Fedhas
Gozag
Kikubaaqudgha
Okawaru
Ru
Sif Muna
Vehumet
Xom

Annotations:
D:3 3 runed translucent doors, ders's ghost, amateur GrEE


Innate Abilities, Weirdness & Mutations

You are partially covered in large bone plates. (SH +4)
A weak demonic guardian rushes to your aid.
When hurt, damage is shared between your health and your magic reserves.
You regenerate magic rapidly.
You have a small tail.


Message History

The four-headed hydra barely misses you.
The four-headed hydra bites you. x2
Your shadow imp hits the four-headed hydra.
Fire: 95 arrows
Press: ? - help, Q - select action, (/) - cycle Shift-Dir - straight line, f/p - four-headed hydra
Aim: a four-headed hydra (severely wounded, ally target, 83% to hit)
You shoot an arrow. The arrow hits the four-headed hydra.
The arrow burns the four-headed hydra.
The four-headed hydra is severely wounded.
The four-headed hydra barely misses you. x2
The four-headed hydra misses you. The four-headed hydra bites you.
Your shadow imp hits the four-headed hydra.
The four-headed hydra bites your shadow imp!
Your shadow imp dies!
Your shadow imp disappears in a puff of smoke!
You enter the shallow water.
Moving in this stuff is going to be slow.
The four-headed hydra roars!
You enter the shallow water.
Moving in this stuff is going to be slow.
Really attack while wielding your +4 shortbow of flaming? [Y]es or [N]o only, please.
Really attack while wielding your +4 shortbow of flaming?
Okay, then.
The four-headed hydra closely misses you.
The four-headed hydra bites you!
A demonic guardian appears!
The four-headed hydra misses you. The four-headed hydra bites you!
The four-headed hydra bites you but does no damage.
The four-headed hydra bites you!
* * * LOW HITPOINT WARNING * * *
The four-headed hydra barely misses you.
The four-headed hydra bites you.
* * * LOW HITPOINT WARNING * * *
Your iron imp splashes around in the water.
The four-headed hydra closely misses you.
The four-headed hydra barely misses you.
The four-headed hydra bites you!
* * * LOW HITPOINT WARNING * * *
The four-headed hydra bites you!
You die...

≈≈≈≈≈≈..# #.# ≈P≈≈≈≈..#
#.# ≈≈P≈≈♣..#######.#
≈≈≈≈♣♣..##≈.≈...#
≈P≈≈≈...#≈≈P≈≈P.########
♣P≈≈♣....≈P≈≈n≈≈.#.....#
.♣≈≈.....P≈≈≈≈≈≈.#.###.##
..≈####.≈.≈♣♣♣♣D.#.#..<.#
..## #.P≈≈≈♣♣≈5@P.#.#.##
### #P.≈♣♣≈♣♣≈≈≈.#.#.#
##.P♣≈≈P≈≈♣≈≈.#.#.#
#≈.♣≈≈≈.P≈♣≈P≈#.#.#
##.≈≈≈P#P≈P≈≈≈P#.#.#
#≈≈≈≈≈≈...P.≈≈≈#.#.#
##≈≈♣≈...###P≈PP#.#.#
##PPP≈PP.## #P≈♣.).#.#
#..PP≈≈P.# #.≈≈...#.#


You could see a four-headed hydra (ally target), a necrophage and a friendly
iron imp (summoned).

Vanquished Creatures
  A centaur warrior (D:8)
  A two-headed ogre (D:8)
  A gargoyle (D:8)
  Grinder (D:6)
  Sigmund (D:5)
  A wyvern (D:8)
  2 steam dragons (D:8)
  A warg (shapeshifter) (D:8)
  2 water moccasins
  A black bear (D:5)
  A sky beast (D:6)
  3 orc warriors
  An ice beast (D:7)
  2 necrophages
  An ogre (D:6)
  2 centaurs (D:8)
  A kobold brigand (D:6)
  4 bullfrogs
  A wyvern zombie (D:8)
  3 scorpions
  2 killer bees (D:8)
  12 wights
  A howler monkey (D:5)
  A centaur zombie (D:8)
  3 electric eels (D:8)
  3 hounds
  2 jellies
  2 orc priests
  A centaur skeleton (D:6)
  A bullfrog skeleton (D:5)
  6 iguanas
  6 orc wizards
  2 killer bee zombies (D:8)
  6 adders
  2 white imps
  3 dart slugs
  25 orcs
  A bat (D:1)
  3 endoplasms (D:1)
  A giant cockroach (D:8)
  6 goblins
  10 hobgoblins
  7 jackals
  10 kobolds
  2 quokkas (D:3)
  8 ball pythons
  A frilled lizard (D:1)
  3 rats
161 creatures vanquished.

Vanquished Creatures (collateral kills)
  A wight (D:8)
  A centaur zombie (D:5)
  A howler monkey zombie (D:8)
3 creatures vanquished.

Vanquished Creatures (others)
  A fungus (D:1)
  51 plants (D:8)
52 creatures vanquished.

Grand Total: 216 creatures vanquished

Notes
Turn   | Place    | Note
-------+----------+-------------------------------------------
     0 | D:1      | flotson the Demonspawn Gladiator began the quest for the
                  | Orb.
     0 | D:1      | Reached XP level 1. HP: 16/16 MP: 1/1
   199 | D:1      | Found a faded altar of an unknown god.
   250 | D:1      | Prayed at the altar of an unknown god.
   250 | D:1      | Became a worshipper of Ashenzari the Shackled
   520 | D:1      | Gained mutation: You regenerate magic rapidly. [demonic
                  | ancestry]
   520 | D:1      | Reached XP level 2. HP: 22/22 MP: 2/2
   989 | D:2      | Found a shimmering blue altar of Sif Muna.
  1043 | D:2      | Reached skill level 1 in Armour
  1043 | D:2      | Reached XP level 3. HP: 28/28 MP: 3/3
  1698 | D:3      | Found an iron altar of Okawaru.
  2059 | D:3      | Reached * piety under Ashenzari
  2193 | D:3      | Found a runed translucent gate.
  2195 | D:3      | Found a runed translucent gate.
  2196 | D:3      | Found a runed translucent gate.
  2197 | D:3      | Found an opulent altar of Gozag.
  2198 | D:3      | Noticed ders's ghost (amateur GrEE)
  2523 | D:4      | Gained mutation: A weak demonic guardian rushes to your
                  | aid. [demonic ancestry]
  2523 | D:4      | Reached XP level 4. HP: 36/36 MP: 4/4
  2575 | D:4      | Noticed a necrophage
  2585 | D:4      | Killed a necrophage
  2586 | D:4      | Reached XP level 5. HP: 30/42 MP: 5/5
  2761 | D:4      | Identified Kikubaaqudgha's Tome of Stolen Souls
  2762 | D:4      | Found an ancient bone altar of Kikubaaqudgha.
  2762 | D:4      | Found a shimmering blue altar of Sif Muna.
  2764 | D:4      | Found a radiant altar of Vehumet.
  3099 | D:5      | Entered Level 5 of the Dungeon
  3125 | D:5      | Noticed a black bear
  3133 | D:5      | Killed a black bear
  3134 | D:5      | Gained mutation: You are partially covered in large bone
                  | plates. (SH +4) [demonic ancestry]
  3134 | D:5      | Reached XP level 6. HP: 41/49 MP: 6/6
  3275 | D:5      | Upgraded the game from 0.28-a0-1159-g27aa881441 to
                  | 0.28-a0-1182-g381e24db82
  3298 | D:5      | Noticed an orc warrior
  3309 | D:5      | Killed an orc warrior
  3310 | D:5      | Reached XP level 7. HP: 40/56 MP: 7/7
  3519 | D:5      | Found a snail-covered altar of Cheibriados.
  3525 | D:5      | Noticed Sigmund
  3898 | D:5      | Found a snail-covered altar of Cheibriados.
  4205 | D:5      | Killed Sigmund
  4555 | D:5      | Reached ** piety under Ashenzari
  4637 | D:6      | Reached XP level 8. HP: 41/60 MP: 8/8
  4744 | D:6      | Reached skill level 5 in Dodging
  4848 | D:6      | Reached skill level 5 in Fighting
  5233 | D:6      | Reached skill level 5 in Throwing
  5330 | D:6      | Noticed Grinder
  5350 | D:6      | Killed Grinder
  5351 | D:6      | Reached skill level 5 in Armour
  5640 | D:6      | Gained mutation: You have a small tail. [demonic ancestry]
  5640 | D:6      | Reached XP level 9. HP: 42/72 MP: 9/9
  5772 | D:6      | Found a blossoming altar of Fedhas.
  6382 | D:7      | Found a staircase to the Ecumenical Temple.
  6693 | D:8      | Reached skill level 1 in Evocations
  6792 | D:8      | Found a sacrificial altar of Ru.
  7133 | D:8      | Identified the amulet "Axtofaot" {RegenMP Str+3 Dex+3}
  7136 | D:8      | HP: 1/69 [centaur/arrow (8)]
  7304 | D:8      | Noticed a gargoyle
  7524 | D:8      | Found a staircase to the Lair.
  7535 | D:8      | Reached skill level 1 in Bows
  7629 | D:8      | Noticed a two-headed ogre
  7917 | D:8      | Gained mutation: When hurt, damage is shared between your
                  | health and your magic reserves. [demonic ancestry]
  7917 | D:8      | Reached XP level 10. HP: 76/83 MP: 10/10
  7925 | D:8      | Killed a two-headed ogre
  7993 | D:8      | Found a shimmering altar of Xom.
  8043 | D:8      | Killed a gargoyle
  8163 | D:8      | Identified the +4 rapier "Toptin" {vamp, Int+9}
  8169 | D:8      | Noticed a four-headed hydra
  8169 | D:8      | Noticed a centaur warrior
  8332 | D:8      | Killed a centaur warrior
  8383 | D:8      | Slain by a four-headed hydra

Illustrated notes

Levels and vault maps discovered:
D:1:      dpeg_arrival_tiny_d, layout_rooms,
          shapermc_ecumenical_altar_mp_ritualfount
D:2:      layout_loops_ring, basic_altar, kennysheep_small_spiral
D:3:      layout_loops_ring, okawaru_metal_pillars_1_2, ebering_ghost_gozag
D:4:      layout_loops_corners, grunt_temple_overflow_magic_moments
D:5:      layout_basic, mainiacjoe_overflow_catwalk, minmay_quadrilaterals,
          uniq_sigmund
D:6:      layout_loops_corners, lemuel_coloured_pillars_altar, uniq_grinder
D:7:      minmay_general_purpose_star, layout_basic,
          minmay_temple_entry_glassed_door
D:8:      layout_basic, marbit_many_paths, nicolae_ru_great_annihilating_truth,
          elyvilon_altar_3, lair_entry_dummy, serial_bayou, serial_bayou_pond_b,
          serial_bayou_pond_c, serial_bayou_lagoon_a, serial_bayou_ford_a,
          minmay_pinched_square

Skill      XL: |  1  2  3  4  5  6  7  8  9 10 |
---------------+-------------------------------+-----
Throwing       | 2 3 4 5 6 |  6.2
Armour         | 1 2 3 4 5 6 |  6.6
Dodging        | 3 4 6 7 |  7.3
Fighting       | 3 4 6 7 |  7.6
Evocations     | 3 4 |  4.0
Axes           | 3 4 |  4.1
Bows           | 1 2 |  2.8

Action                   |  1- 3 |  4- 6 |  7- 9 | 10-12 || total
-------------------------+-------+-------+-------+-------++-------
Melee: War axe           |    94 |       |       |       ||    94
       Spear             |       |    40 |   390 |       ||   430
       Tailslap          |       |       |    30 |       ||    30
       Battleaxe         |       |       |     5 |     3 ||     8
 Fire: Hunting sling     |    31 |    78 |    53 |       ||   162
       Shortbow          |       |       |    63 |    58 ||   121
Throw: Throwing net      |       |     1 |       |     1 ||     2
Invok: Curse Item        |     2 |       |     2 |       ||     4
Evoke: Wand              |       |       |     5 |       ||     5
  Use: Scroll            |       |       |     2 |     1 ||     3
       Potion            |       |       |     2 |       ||     2
 Stab: Held in net/web   |       |     2 |       |       ||     2
Armor: Ring mail         |    50 |    29 |    86 |    13 ||   178
Dodge: Dodged            |    84 |    43 |   207 |    42 ||   376
Block: Other             |       |     3 |    48 |     8 ||    59

Table legend: (Time is in decaauts)
 A = Elapsed time spent in this place.
 B = Non-inter-level travel time spent in this place.
 C = Inter-level travel time spent in this place.
 D = Time resting spent in this place.
 E = Time spent auto-exploring this place.
 F = Levels seen in this place.
 G = Mean time per level.
                   A        B        C        D        E       F      G
               +--------+--------+--------+--------+--------+-----+--------+
         Total |   8497 |   8042 |    455 |     24 |   6217 |   8 | 1062.1 |
       Dungeon |   8497 |   8042 |    455 |     24 |   6217 |   8 | 1062.1 |
               +--------+--------+--------+--------+--------+-----+--------+

Top non-repeatable levels by time:
     D:5: 1536 daAuts
     D:8: 1450 daAuts
     D:6: 1313 daAuts
     D:7: 1024 daAuts
     D:2: 884 daAuts
     D:4: 847 daAuts
     D:1: 830 daAuts
     D:3: 610 daAuts
